 Dungeon Crawl Stone Soup version 0.17.2-1-ge4368a0 (webtiles) character file.

84690 Regret the Warrior (level 15, -22/129 HPs)
             Began as a Mummy Monk on Mar 15, 2017.
             Annihilated by a frost giant
             ... wielding a +2 battleaxe of freezing
              (32 damage)
             ... on level 3 of the Orcish Mines.
             The game lasted 01:49:05 (57114 turns).

Regret the Warrior (Mummy Monk)                    Turns: 57114, Time: 01:49:06

Health: -22/129    AC: 12    Str: 19    XL:     15   Next: 35%
Magic:  15/15      EV: 24    Int:  9    God:
Gold:   3156       SH: 13    Dex: 21    Spells: 0 memorised, 14 levels left

rFire  x . .     SeeInvis .       - Unarmed
rCold  + . .     Clarity  .     (no armour)
rNeg   + + +     SustAt   .     F - +0 shield {Shield of the Fallen Angel}
rPois  ∞         Gourm    .     h - +2 helmet {Robin's Scalp}
rElec  .         Spirit   .     C - +2 cloak
rCorr  .         Warding  .     q - +2 pair of gloves
rMut   .         Stasis   .     f - +2 pair of boots
MR     +....                    (no amulet)
Stlth  ++++......               d - +4 ring of strength
                                a - +3 ring of evasion

@: somewhat resistant to hostile enchantments, stealthy
A: no food or potions, fire vulnerability, cold resistance 1, negative energy
resistance 3, torment resistance, unbreathing, in touch with death 1, restore
body
a: Self-Restoration


You were on level 3 of the Orcish Mines.
You were not hungry.

You visited 5 branches of the dungeon, and saw 26 of its levels.
You also visited: Ossuary.

You collected 3212 gold pieces.
You spent 56 gold pieces at shops.


Innate Abilities, Weirdness & Mutations

You do not eat or drink.
Your flesh is vulnerable to fire.
You are immune to poison.
Your flesh is cold resistant.
You are immune to negative energy.
You are immune to unholy pain and torment.
You can survive without breathing.
You are in touch with the powers of death.
You can restore your body by infusing magical energy.


   Skills:
 - Level 15.0 Fighting
 - Level 10.5 Dodging
 - Level 5.8 Stealth
 - Level 11.0 Shields
 + Level 12.3 Unarmed Combat


You had 14 spell levels left.
You didn't know any spells.

Inventory:

Hand Weapons
 o - a +6 scythe of protection
Missiles
 G - 6 large rocks (quivered) {=f}
Armour
 f - a +2 pair of boots (worn)
 h - a +2 helmet (worn) {Robin's Scalp}
 q - a +2 pair of gloves (worn)
 C - a +2 cloak (worn)
 F - a +0 shield (worn) {Shield of the Fallen Angel}
Jewellery
 a - a +3 ring of evasion (left hand)
 c - an uncursed amulet of resist corrosion {unknown}
 d - a +4 ring of strength (right hand)
 e - an uncursed amulet of the gourmand {unknown}
 v - an uncursed ring of positive energy
 w - an uncursed ring of protection from magic
 B - the ring "Wappea" {*Contam *Corrode rF+ rC+++ Int+6, !a}

   [ring of intelligence]

   It affects your intelligence (+6).
   It protects you from fire.
   It renders you almost immune to cold.
   It causes magical contamination when unequipped.
   It may corrode your equipment when you take damage.
 E - a cursed -3 ring of strength
Scrolls
 b - 6 scrolls of recharging
 g - 4 scrolls of enchant weapon
 i - 7 scrolls of remove curse
 j - 5 scrolls of teleportation {@r4}
 k - a scroll of fear
 l - 6 scrolls of magic mapping
 m - 2 scrolls of random uselessness
 n - 7 scrolls of enchant armour
 p - 3 scrolls of fog
 r - 9 scrolls of amnesia
 s - 3 scrolls of blinking
 t - 2 scrolls of immolation {!r}
 u - 4 scrolls of noise {!r}
 x - a scroll of holy word {!r}
 y - 3 scrolls of identify {@r1}
 z - 4 scrolls of vulnerability {!r}
Comestibles
 A - 15 royal jellies {Mark of Royalty}
 D - 21 fruits

Dungeon Overview and Level Annotations

Branches:
Dungeon (12/15)            Temple (1/1) D:6            Lair (8/8) D:10
 Shoals (1/4) Lair:6       Spider (0/4) Lair:5        Slime (0/6) Lair:6
    Orc (4/4) D:11            Elf (0/3) Orc:3

Altars:
Ashenzari
Cheibriados
Dithmenos
Elyvilon
Fedhas
Gozag
Kikubaaqudgha
Makhleb
Nemelex Xobeh
Okawaru
Qazlal
Ru
Sif Muna
Trog
Vehumet
Xom
Yredelemnul
Zin
The Shining One
Beogh
Jiyva

Shops:
D:4 *   D:6 :   Orc:3 *   Orc:4 *

Annotations:
D:4 exclusion: upstairs
D:5 Distrognoll
D:6 War
D:7 exclusion: ugly thing
D:10 Trapped lizard!, exclusion: 2 doors
D:12 exclusion: hydra
Lair:2 7+8 legs!
Lair:4 exclusions: hydra and lindwurm
Lair:8 exclusion: door
Orc:3 Water

▒....▒.....▒≈≈....▒...(
▒▒.▒▒▒'▒▒▒▒▒.≈.........
▒.▒▒..▒▒≈≈≈≈..........
▒.▒▒..▒▒≈≈≈≈.......▒.(
▒..▒..▒▒≈≈≈≈..........
▒▒.▒..'.≈≈≈......▒(.(.
▒)▒..▒▒≈≈≈....)......
▒.▒▒C▒▒≈≈≈...........
▒..▒M▒▒.≈............
▒▒.▒▒▒▒..............
▒.▒ ▒.............. ▒.▒
▒.............. ▒.▒
▒▒............. ▒▒▒.▒
▒▒............ ▒.▒.▒
▒▒▒.......... ▒▒...▒▒
▒▒......(.. ▒%....▒▒▒
▒▒.....(..


You could see a frost giant.


Message History

* * * don't die
* * * You take 25 damage, and have 55/129 hp!
You squash the frost giant like an ant!
The frost giant is heavily wounded!
The frost giant hits you with a BATTLEAXE of freezing!!!!!! * * * don't die
* * * The frost giant freezes you! * * * don't die
* * * You take 32 damage, and have 23/129 hp!
MASSIVE DAMAGE!!!!!!
You pummel the frost giant like a punching bag!!!
The frost giant is severely wounded!
You pulverise the frost giant!
The frost giant is severely wounded!
The frost giant gestures at you while chanting!
The bolt of cold misses you!
You barely miss the frost giant!
The frost giant is severely wounded!
You block the frost giant's attack!
You beat the frost giant into a bloody pulp!!!
The frost giant is severely wounded!
You pulverise the frost giant but do no damage!
The frost giant is severely wounded!
The frost giant gestures at you while chanting!
The bolt of cold hits you!!! You resist! * * * don't die
* * * You take 14 damage, and have 10/129 hp!
You pummel the frost giant like a punching bag!!!
The frost giant is almost dead!
The frost giant hits you with a BATTLEAXE of freezing!!!!!! rip

Action                   |  1- 3 |  4- 6 |  7- 9 | 10-12 | 13-15 || total
-------------------------+-------+-------+-------+-------+-------++-------
Melee: Unarmed           |   126 |   454 |   707 |  1993 |  2752 ||  6032
  Use: Scroll            |       |       |    11 |    11 |     4 ||    26
 Stab: Sleeping          |     6 |     4 |     9 |    11 |    26 ||    56
       Distracted        |       |       |       |     4 |     6 ||    10

Vault maps used:
D:1:      enne_arrival_octagon_isle, minmay_strange_pillars, hex_large
D:2:      kennysheep_goblin_castle
D:3:      nicolae_overflow_hidden_temple, first_bread
D:4:      xom_butterflies, serial_shops, shop
D:5:      marbit_many_paths, kennysheep_mini, nicolae_ru_the_path_less_chosen
D:6:      grunt_temple_overflow_gold_and_silver, fedhas_altar_1,
          minmay_temple_entry_purple_smoke, serial_shops, shop_fountains,
          uniq_duvessa, uniq_sigmund, uniq_eustachio
D:7:      kennysheep_housing_project, enter_ossuary_5, sword_in_stone,
          uniq_pikel
D:9:      minmay_twisted_water, ashenzari_conservatory_becter,
          trog_eyes_of_draining, basic_altar
D:10:     erik_lair_orcish_takeover, uniq_josephine
D:11:     erik_orc_3, grunt_livestock
Temple:   circular_temple_6
Lair:2:   infiniplex_staircase_pool, lemuel_fruit_fields
Lair:3:   beast_lair_carwin_large_2, special_room
Lair:5:   nicolae_spider_entry_tight_spaces, st_stairs_11, lemuel_fruit_fields
Lair:6:   lemuel_slime, shoals_dummy_entry, dpeg_slime_entry_enclosed_altar,
          st_stairs_13
Lair:7:   lemuel_fruit_tree
Lair:8:   wormcave, hangedman_lair_tendril_chambers, patterned_corridor
Shoals:1: nicolae_shoals_siren_and_animal_friends, uniq_roxanne
Orc:2:    basic_altar, mines2_david
Orc:3:    giant_chief_lemuel, serial_shops, shop, nicolae_orc_pool_cavern,
          uniq_nessos
Orc:4:    st_orc_open, basic_altar, mines2_david
Ossuary:  ossuary_tomb_2

Notes
Turn   | Place    | Note
--------------------------------------------------------------
     0 | D:1      | Regret the Mummy Monk began the quest for the Orb.
     0 | D:1      | Reached XP level 1. HP: 18/18 MP: 1/1
   421 | D:1      | Reached XP level 2. HP: 22/24 MP: 2/2
  1179 | D:1      | Reached skill level 4 in Unarmed Combat
  1362 | D:2      | Reached XP level 3. HP: 29/29 MP: 3/3
  2043 | D:2      | Reached XP level 4. HP: 25/35 MP: 4/4
  2654 | D:2      | Reached skill level 5 in Unarmed Combat
  2784 | D:2      | Noticed Robin
  3038 | D:2      | Killed Robin
  3038 | D:2      | Reached XP level 5. HP: 33/41 MP: 5/5
  3498 | D:3      | Reached skill level 4 in Fighting
  3503 | D:3      | Found a glowing golden altar of the Shining One.
  4592 | D:4      | Noticed an ogre
  5157 | D:3      | Reached skill level 5 in Fighting
  5586 | D:3      | Reached XP level 6. HP: 42/51 MP: 6/6
  5759 | D:4      | Reached skill level 3 in Dodging
  5880 | D:4      | Noticed a phantom
  6390 | D:3      | Killed a phantom
  6445 | D:4      | Noticed a phantom
  6949 | D:4      | Killed a phantom
  6949 | D:4      | Reached XP level 7. HP: 32/57 MP: 7/7
  7101 | D:4      | Reached skill level 6 in Fighting
  7111 | D:3      | Found a deep blue altar of Sif Muna.
  7111 | D:3      | Found a radiant altar of Vehumet.
  7111 | D:3      | Found an ancient bone altar of Kikubaaqudgha.
  7573 | D:4      | Killed an ogre
  7682 | D:4      | Found a shimmering altar of Xom.
  7920 | D:4      | Reached skill level 7 in Fighting
  7977 | D:4      | Found Nemew's Assorted Antiques.
  8048 | D:5      | Entered Level 5 of the Dungeon
  8213 | D:5      | Reached skill level 1 in Shields
  8401 | D:5      | Found a sacrificial altar of Ru.
  8559 | D:5      | Reached skill level 2 in Shields
  8763 | D:5      | Reached XP level 8. HP: 59/67 MP: 8/8
  8805 | D:5      | Found a shadowy altar of Dithmenos.
  8880 | D:5      | Found a burning altar of Makhleb.
  9180 | D:5      | Reached skill level 3 in Shields
  9274 | D:6      | Noticed Duvessa
  9396 | D:6      | Noticed Dowan
  9911 | D:6      | Noticed Sigmund
 10431 | D:6      | Killed Sigmund
 10431 | D:6      | Reached skill level 4 in Shields
 10607 | D:6      | Found a blossoming altar of Fedhas.
 10653 | D:6      | Found Ofunnied's Book Shoppe.
 10676 | D:6      | Found a staircase to the Ecumenical Temple.
 10849 | D:6      | Found an opulent altar of Gozag.
 10850 | D:6      | Found a glowing silver altar of Zin.
 10991 | D:6      | Killed Duvessa
 10991 | D:6      | Reached skill level 5 in Shields
 11076 | D:6      | Killed Dowan
 11119 | D:6      | Noticed Eustachio
 11219 | D:6      | Killed Eustachio
 11997 | Temple   | Entered the Ecumenical Temple
 12217 | D:7      | Found a sand-covered staircase.
 12222 | Ossuary  | Entered an ossuary
 12267 | Ossuary  | Reached skill level 6 in Unarmed Combat
 12277 | Ossuary  | Reached XP level 9. HP: 56/72 MP: 9/9
 12958 | D:6      | Reached skill level 7 in Unarmed Combat
 13627 | D:7      | Noticed a cyan ugly thing
 13678 | D:7      | Noticed Pikel
 13701 | D:7      | Paralysed by Pikel for 2 turns
 13847 | D:6      | Reached skill level 8 in Unarmed Combat
 14222 | D:8      | Killed an unseen horror
 14222 | D:8      | Reached skill level 9 in Fighting
 14517 | D:8      | Reached XP level 10. HP: 83/83 MP: 10/10
 14661 | D:8      | Reached skill level 6 in Shields
 15103 | D:9      | Reached skill level 4 in Dodging
 15107 | D:9      | Found a bloodstained altar of Trog.
 15580 | D:9      | Found a sacrificial altar of Ru.
 15934 | D:9      | Reached skill level 5 in Dodging
 16754 | D:8      | Reached skill level 6 in Dodging
 17204 | D:9      | Found a shattered altar of Ashenzari.
 17650 | D:9      | Reached skill level 10 in Fighting
 18487 | D:7      | Killed Pikel
 18487 | D:7      | Reached skill level 7 in Shields
 18672 | D:7      | Reached XP level 11. HP: 86/90 MP: 11/11
 19717 | D:6      | Found a glowing silver altar of Zin.
 19718 | D:6      | Found an opulent altar of Gozag.
 19742 | D:6      | Found a staircase to the Ecumenical Temple.
 19763 | D:6      | Found Ofunnied's Book Shoppe.
 19813 | D:6      | Found a blossoming altar of Fedhas.
 20488 | D:9      | Reached skill level 8 in Shields
 21212 | D:10     | Entered Level 10 of the Dungeon
 21266 | D:10     | Noticed Josephine
 21427 | D:9      | Killed Josephine
 21766 | D:9      | Reached skill level 9 in Unarmed Combat
 22296 | D:10     | Noticed a hill giant
 22402 | D:10     | Killed a hill giant
 22682 | D:10     | Noticed a four-headed hydra
 22928 | D:10     | Found a staircase to the Lair.
 23069 | Lair:1   | Entered Level 1 of the Lair of Beasts
 23775 | Lair:1   | Noticed a seven-headed hydra
 23809 | Lair:2   | Reached skill level 2 in Stealth
 23985 | Lair:2   | Reached skill level 3 in Stealth
 24283 | Lair:1   | Reached skill level 4 in Stealth
 25085 | Lair:2   | Noticed an eight-headed hydra
 25133 | Lair:2   | Reached skill level 5 in Stealth
 25605 | Lair:2   | Reached XP level 12. HP: 97/97 MP: 12/12
 25639 | Lair:2   | Reached skill level 7 in Dodging
 25793 | Lair:2   | Noticed a seven-headed hydra
 28084 | D:12     | Noticed a four-headed hydra
 28845 | D:11     | Noticed a seven-headed hydra
 29041 | Lair:2   | Reached skill level 10 in Unarmed Combat
 29680 | Lair:3   | Noticed an eight-headed hydra
 30090 | Lair:3   | Got a brightly glowing lead ring
 30128 | Lair:3   | Identified the ring "Wappea" {*Contam *Corrode rF+ rC+++ Int+6} (You found it on level 3 of the Lair of Beasts)
 30702 | Lair:3   | Reached skill level 11 in Fighting
 31895 | Lair:1   | Reached skill level 8 in Dodging
 33161 | Lair:3   | Identified 2 scrolls of acquirement
 33165 | Lair:3   | Got a warped hat
 33181 | Lair:3   | Identified the +2 hat of Ubav {Int+2} (You acquired it on level 3 of the Lair of Beasts)
 33420 | Lair:4   | Noticed a six-headed hydra
 33911 | Lair:4   | Reached skill level 9 in Shields
 35072 | Lair:5   | Gained mutation: You are in touch with the powers of death. [Mummy growth]
 35072 | Lair:5   | Gained mutation: You can restore your body by infusing magical energy. [Mummy growth]
 35072 | Lair:5   | Reached XP level 13. HP: 100/106 MP: 13/13
 35112 | Lair:5   | Found a hole to the Spider Nest.
 35395 | Lair:5   | Reached skill level 10 in Shields
 36303 | Lair:6   | Found a staircase to the Shoals.
 37265 | Lair:6   | Reached skill level 12 in Fighting
 38055 | Lair:6   | Reached skill level 9 in Dodging
 38415 | Lair:6   | Found a viscous altar of Jiyva.
 38415 | Lair:6   | Found a staircase to the Slime Pits.
 38572 | Shoals:1 | Entered Level 1 of the Shoals
 40326 | Lair:6   | Reached skill level 11 in Unarmed Combat
 42279 | Lair:6   | Reached XP level 14. HP: 87/115 MP: 14/14
 42348 | Lair:6   | Reached skill level 12 in Unarmed Combat
 42584 | Lair:6   | Found a viscous altar of Jiyva.
 42584 | Lair:6   | Found a staircase to the Slime Pits.
 43902 | Lair:8   | Entered Level 8 of the Lair of Beasts
 44222 | Lair:8   | Reached skill level 13 in Fighting
 45650 | Lair:8   | Reached skill level 14 in Fighting
 46264 | Lair:8   | Found a runed door.
 46928 | Lair:8   | Reached skill level 10 in Dodging
 49418 | Lair:2   | Killed an eight-headed hydra
 49846 | D:10     | Killed a four-headed hydra
 50005 | D:10     | You fall through a shaft!
 50475 | D:11     | Found a staircase to the Orcish Mines.
 50661 | D:11     | Killed a seven-headed hydra
 51432 | Orc:1    | Entered Level 1 of the Orcish Mines
 51765 | Orc:2    | Found a roughly hewn altar of Beogh.
 52544 | Orc:2    | Found a roughly hewn altar of Beogh.
 52737 | Orc:1    | Reached XP level 15. HP: 120/126 MP: 15/15
 52943 | Orc:3    | Found Poibryfi's General Store.
 52953 | Orc:2    | Reached skill level 11 in Shields
 53134 | Orc:3    | Bought a scroll of fear for 56 gold pieces
 53796 | Orc:3    | Noticed Nessos
 53799 | Orc:3    | oh shit
 55188 | Orc:3    | Found a staircase to the Elven Halls.
 55476 | Orc:4    | Entered Level 4 of the Orcish Mines
 55497 | Orc:4    | Reached skill level 15 in Fighting
 55676 | Orc:4    | Found a roughly hewn altar of Beogh.
 55733 | Orc:4    | Found Ifruyba's Assorted Antiques.
 56764 | Orc:3    | Killed Nessos
 57113 | Orc:3    | HP: 10/129 [frost giant/bolt of cold (15)]
 57114 | Orc:3    | Annihilated by a frost giant

Vanquished Creatures
  Nessos (Orc:3)
  Josephine (D:9)
  6 hydras
  6 death yaks
  An unseen horror (D:8)
  A deep troll (Orc:3)
  An orc knight (Orc:3)
  Pikel (D:7)
  2 lindwurms (Lair:8)
  16 hill giants
  A wolf spider (Lair:8)
  3 cyclopes (Orc:3)
  An ugly thing (D:11)
  A griffon (Lair:8)
  A manticore (D:11)
  A hornet (Lair:8)
  21 elephants
  10 black mambas
  A guardian serpent (Lair:8)
  6 torpor snails
  21 spiny frogs
  3 fire drakes
  15 komodo dragons
  3 polar bears
  A queen bee (Lair:3)
  5 trolls
  4 two-headed ogres
  2 giant leeches (Lair:8)
  A slime creature (Lair:6)
  23 blink frogs
  2 deep elf magi (D:11)
  Sigmund (D:6)
  40 yaks
  2 hungry ghosts (D:8)
  4 wraiths (D:10)
  Eustachio (D:6)
  2 basilisks
  3 wyverns
  3 hippogriffs
  A human (D:11)
  A deep elf fighter (D:7)
  7 wolves
  9 wargs
  12 porcupines
  Duvessa (D:6)
  7 wasps (Lair:8)
  14 spiders
  15 orc warriors
  16 ogres
  2 phantoms
  17 water moccasins
  4 black bears
  2 slaves
  An eye of draining (D:9)
  5 centaurs
  14 crocodiles
  19 ice beasts
  4 big kobolds
  4 brain worms (Lair:8)
  2 gnoll sergeants (D:7)
  20 giant frogs
  5 water moccasin zombies (Ossuary)
  Dowan (D:6)
  A water moccasin skeleton (D:11)
  2 scorpions
  40 killer bees
  8 wights
  7 electric eels
  2 quasits
  9 jellies
  A wasp zombie (D:9)
  2 crimson imps
  22 orc priests
  6 hounds
  3 centaur skeletons
  2 giant frog skeletons
  12 iguanas
  17 worker ants
  33 orc wizards
  A killer bee zombie (D:9)
  16 sheep
  2 big kobold zombies (Ossuary)
  2 hound skeletons
  2 mummies (Ossuary)
  Robin (D:2)
  9 gnolls
  59 river rats
  30 adders
  2 shadow imps (D:9)
  13 oozes (Lair:6)
  2 adder zombies
  2 adder skeletons
  21 worms
  7 giant geckos
  177 orcs
  A ball python (D:5)
  9 giant cockroaches
  2 gnoll zombies (Ossuary)
  25 goblins
  9 hobgoblins
  17 jackals
  20 kobolds
  9 quokkas
  11 bats
  A giant gecko zombie (D:6)
  6 giant newts
  A hobgoblin zombie (Ossuary)
  10 kobold zombies (Ossuary)
  3 orc zombies (Ossuary)
  4 rats
  6 fungi
  5 plants
1053 creatures vanquished.

Vanquished Creatures (others)
  An orc warrior (D:7)
  An adder (D:7)
  A gnoll (D:7)
  A river rat (Lair:5)
  2 orcs
  A jackal skeleton (D:7)
  A kobold (D:7)
  A bush (Lair:3)
  70 fungi
  25 plants
104 creatures vanquished.

Grand Total: 1157 creatures vanquished
